 Dungeon Crawl Stone Soup version 0.32-a0-131-g9dbbe29261 (webtiles) character file.

Game seed: 13836835271075907421

57334 Ceno the Tortoise (level 14, -10/105 HPs)
             Began as a Barachi Hexslinger on Feb 8, 2024.
             Was a High Priest of Dithmenos.
             Mangled by a five-headed hydra (13 damage)
             ... on level 5 of the Lair of Beasts.
             The game lasted 01:15:23 (20331 turns).

Ceno the Tortoise (Barachi Hexslinger)             Turns: 20331, Time: 01:15:23

Health: -10/105    AC: 15    Str: 10    XL:     14   Next: 85%
Magic:  6/29       EV: 12    Int: 17    God:    Dithmenos [*****.]
Gold:   1622       SH:  0    Dex: 16    Spells: 5/21 levels left

rFire   . . .        b - +2 long sword
rCold   . . .        (no shield)
rNeg    . . .        W - +0 scale mail
rPois   .            V - +2 hat
rElec   .            (no cloak)
rCorr   +            I - +0 pair of gloves
SInv    .            p - +0 pair of boots
Will    +....        q - amulet of regeneration
Stlth   ++           Q - ring of resist corrosion
HPRegen 1.17/turn    G - ring of magical power
MPRegen 0.21/turn

%: no passive effects
@: very slightly contaminated, wreathed by umbra, studying 2 skills, slow
A: amphibious, slowness 1, strong legs 2, +LOS
a: Hop, Renounce Religion, Shadow Step, Shadow Form


You were on level 5 of the Lair of Beasts.
You worshipped Dithmenos.
Dithmenos was extremely pleased with you.
You visited 3 branches of the dungeon, and saw 16 of its levels.
You also visited: Bailey.

You collected 1622 gold pieces.

Inventory:

Hand Weapons
 a - a +0 longbow
 b - a +2 long sword (weapon)
 e - a +1 sling
 K - a +1 shortbow
Missiles
 d - 65 poisoned darts (quivered)
 S - 5 curare-tipped darts
Armour
 p - a +0 pair of boots (worn)
 t - the +2 leather armour of Modd {rC+ Dex+3}
   (You found it on level 4 of the Dungeon)

   Dex+3:     It affects your dexterity (+3).
   rC+:       It protects you from cold.
 C - a +0 robe of resistance
 I - a +0 pair of gloves (worn)
 V - a +2 hat (worn)
 W - a +0 scale mail (worn)
Jewellery
 q - an amulet of regeneration (around neck)
 v - a ring of fire
 G - a ring of magical power (right hand)
 Q - a ring of resist corrosion (left hand)
Wands
 l - a wand of digging (2)
 n - a wand of flame (26)
 u - a wand of polymorph (29)
 z - a wand of mindburst (10)
 H - a wand of iceblast (16)
 J - a wand of quicksilver (5)
 M - a wand of paralysis (11)
Scrolls
 g - a scroll of fog
 h - a scroll of silence
 m - 3 scrolls of vulnerability
 o - 4 scrolls of noise
 r - 2 scrolls of brand weapon {unknown}
 s - a scroll of amnesia {unknown}
 w - 2 scrolls of enchant weapon
 x - 2 scrolls of identify
 y - 4 scrolls of teleportation
 A - a scroll of immolation
 B - 2 scrolls of poison
 D - a scroll of enchant armour {unknown}
 E - 2 scrolls of fear
 N - a scroll of butterflies
 R - a scroll of torment {unknown}
 T - a scroll of blinking {unknown}
Potions
 c - a potion of invisibility {unknown}
 f - a potion of cancellation
 i - 4 potions of enlightenment
 j - a potion of mutation
 k - 3 potions of curing
 F - 3 potions of degeneration
 L - 2 potions of attraction
 O - a potion of brilliance
 P - a potion of lignification
 U - a potion of ambrosia


   Skills:
 - Level 8.0 Fighting
 + Level 8.9 Long Blades
 + Level 13.4 Ranged Weapons
 - Level 15.0 Armour
 - Level 8.0 Dodging
 - Level 5.0 Stealth
 - Level 4.0 Spellcasting
 - Level 8.0 Hexes
 + Level 3.2 Summonings
 - Level 5.0 Translocations
 + Level 4.4 Fire Magic
 - Level 8.5 Invocations


You had 5 spell levels left.
You knew the following spells:

 Your Spells              Type           Power      Damage    Failure   Level
a - Jinxbite              Hex            60%        N/A       3%          2
b - Sigil of Binding      Hex            30%        N/A       6%          3
c - Inner Flame           Hex/Fire       24%        N/A       14%         3
d - Cause Fear            Hex            15%        N/A       22%         4
e - Dimensional Bullseye  Hex/Tloc       12%        N/A       36%         4

Your spell library contained the following spells:

 Spells                   Type           Power      Damage    Failure   Level
 Apportation              Tloc           40%        N/A       8%          1
 Blink                    Tloc           40%        N/A       11%         2
 Summon Small Mammal      Summ           56%        N/A       16%         1
 Call Imp                 Summ           28%        N/A       24%         2
 Freeze                   Ice            12%        1d3       50%         1
 Magic Dart               Conj           12%        1d3       50%         1
 Necrotise                Necr           12%        1d4       50%         1
 Sting                    Conj/Alch      12%        1d3       50%         1
 Manifold Assault         Tloc           20%        N/A       58%         4
 Passage of Golubria      Tloc           20%        N/A       58%         4
 Cigotuvi's Dreadful Rot  Necr/Alch/Air  6%         N/A       65%         2
 Sublimation of Blood     Necr           3%         N/A       65%         2
 Summon Ice Beast         Ice/Summ       8%         N/A       65%         3
 Summon Mana Viper        Hex/Summ       22%        N/A       85%         5
 Frozen Ramparts          Ice            6%         1d1       86%         3
 Fugue of the Fallen      Necr           3%         N/A       86%         3
 Hailstorm                Conj/Ice       3%         3d5       86%         3
 Ozocubu's Armour         Ice            3%         N/A       86%         3
 Ignite Poison            Fire/Alch      10%        N/A       93%         4
 Silence                  Hex/Air        8%         N/A       97%         5
 Petrify                  Alch/Erth      3%         N/A       99%         4
 Freezing Cloud           Conj/Ice/Air   1%         6-21      100%        5
 Irradiate                Conj/Alch      1%         3d12      100%        5
 Monstrous Menagerie      Summ           7%         N/A       100%        7
 Lehudib's Crystal Spear  Conj/Erth      1%         10d2      100%        8


Dungeon Overview and Level Annotations

Branches:
Dungeon (10/15)            Temple (1/1) D:4            Lair (5/5) D:8
  Swamp (0/4) Lair:3       Spider (0/4) Lair:3        Slime (0/5) Lair:5
 Bailey (visited)
    Orc: D:9-12

Altars:
Ashenzari
Cheibriados
Dithmenos
Elyvilon
Fedhas
Gozag
Hepliaklqana
Kikubaaqudgha
Makhleb
Nemelex Xobeh
Okawaru
Qazlal
Ru
Sif Muna
Trog
Vehumet
Wu Jian
Xom
Yredelemnul
Zin
The Shining One
Jiyva

Shops:
D:6 [

Annotations:
D:6 2 transporters
D:7 1 exclusion
D:8 2 transporters, lunkers's ghost, novice OnGl
D:9 2 runed translucent doors
D:10 exclusion: shadow
Lair:4 exclusion: downstairs, Kirke


Innate Abilities, Weirdness & Mutations

You are amphibious.
You cover ground slowly.
You can hop long distances.
You have an extended range of vision and can be seen from far away.


Message History

Press: ? - help, Dir - look around, f - activate Look: a five-headed hydra (umbra, chance to affect: 34%)
The five-headed hydra resists with almost no effort.
The five-headed hydra bites you!
The five-headed hydra bites you but does no damage. x2
The five-headed hydra bites you!
* * * LOW HITPOINT WARNING * * *
The five-headed hydra bites you but does no damage.
Casting: Cause Fear (dangerous; 22% risk of failure)
Confirm with . or Enter, or press ? or * to list all spells.
Casting: Cause Fear (dangerous; 22% risk of failure)
Press: ? - help, Dir - look around, f - activate The five-headed hydra resists with almost no effort.
The five-headed hydra bites you.
* * * LOW HITPOINT WARNING * * *
The five-headed hydra bites you but does no damage.
The five-headed hydra bites you!
* * * LOW HITPOINT WARNING * * *
The five-headed hydra completely misses you.
The five-headed hydra bites you!
* * * LOW HITPOINT WARNING * * *
The five-headed hydra bites you.
* * * LOW HITPOINT WARNING * * *
The five-headed hydra bites you but does no damage.
The five-headed hydra barely misses you.
The five-headed hydra bites you.
* * * LOW HITPOINT WARNING * * *
The five-headed hydra bites you.
* * * LOW HITPOINT WARNING * * *
Casting: Cause Fear (dangerous; 22% risk of failure)
Confirm with . or Enter, or press ? or * to list all spells.
Casting: Cause Fear (dangerous; 22% risk of failure)
Press: ? - help, Dir - look around, f - activate Look: a five-headed hydra (umbra, chance to affect: 34%)
The five-headed hydra resists with almost no effort.
You feel yourself speed up.
The five-headed hydra bites you but does no damage.
The five-headed hydra barely misses you.
The five-headed hydra bites you!
You die...

.~...♣♣ ♣P~~♣♣♣♣♣...............
.♣...♣♣♣♣♣~~~~♣♣~~.............#.
..♣...~~~~.~~~~~~................
.P.#.~♣♣♣♣~~~~♣~♣♣..#.#.......§..
.....♣♣♣♣♣♣~♣♣♣♣♣♣...##..........
........♣♣P.♣♣♣♣.....###...#.....
♣♣..##.#♣♣♣~P♣♣..................
#♣.##...♣♣~~♣.÷÷................
♣.###..♣~.~♣.D@................
#♣..###...÷.....................
♣♣..## ##..............###.......
....P#####...........#..######.#.
♣♣...#PP.#.............## ###.
#♣....................# ##.
♣....................# #..
♣..................### ###
♣♣...................P# #


You could see a five-headed hydra.

Vanquished Creatures
  Gastronok (Lair:3)
  Josephine (Lair:4)
  3 hydras
  3 two-headed ogres
  Sonja (Lair:2)
  2 goliath frogs (Lair:5)
  A lindwurm (Lair:5)
  Pikel (D:8)
  Maurice (D:8)
  A black mamba (Lair:1)
  A torpor snail (Lair:4)
  18 cane toads
  2 rime drakes
  6 komodo dragons
  2 polar bears
  7 blink frogs
  Grinder (D:4)
  9 dream sheep
  A tyrant leech (Lair:5)
  A spriggan (Lair:1)
  2 wyverns
  35 yaks
  4 wraiths
  2 basilisks
  3 hogs (Lair:4)
  A steam dragon (D:8)
  Eustachio (D:3)
  4 vampire mosquitoes
  11 water moccasins
  7 orc warriors (Bailey)
  A black bear (D:5)
  2 ice beasts
  An ogre (D:6)
  3 wolves
  17 centaurs
  A phantom (D:4)
  4 kobold brigands
  16 bullfrogs
  4 scorpions
  8 wights
  6 killer bees (D:8)
  3 electric eels (Lair:5)
  3 howler monkeys
  6 hounds
  6 orc priests
  4 jellies (Lair:5)
  2 gnoll boudas (D:4)
  Ijyb (D:5)
  7 iguanas
  6 orc wizards
  Robin (D:5)
  7 gnolls
  7 adders
  2 ufetubi
  2 ribbon worms (D:4)
  A dart slug (D:2)
  61 orcs
  6 ball pythons
  9 bats
  9 endoplasms
  A giant cockroach (D:2)
  19 goblins
  12 hobgoblins
  18 jackals
  29 kobolds
  2 quokkas
  7 frilled lizards
  7 rats
434 creatures vanquished.

Vanquished Creatures (others)
  An orc wizard (D:10)
1 creature vanquished.

Grand Total: 435 creatures vanquished

Notes
Turn   | Place    | Note
-------+----------+-------------------------------------------
     0 | D:1      | Ceno the Barachi Hexslinger began the quest for the Orb.
     0 | D:1      | Reached XP level 1. HP: 15/15 MP: 2/2
   103 | D:1      | Reached XP level 2. HP: 21/21 MP: 3/3
   480 | D:1      | Learned a level 2 spell: Jinxbite
   559 | D:1      | Reached XP level 3. HP: 26/26 MP: 5/5
   563 | D:1      | Learned a level 3 spell: Sigil of Binding
   829 | D:2      | Reached skill level 1 in Stealth
  1233 | D:2      | Reached XP level 4. HP: 32/32 MP: 6/6
  2368 | D:4      | Noticed Eustachio
  2383 | D:4      | Reached XP level 5. HP: 35/37 MP: 5/8
  2424 | D:3      | HP: 1/37 [poisoned by an adder]
  2568 | D:3      | Killed Eustachio
  2569 | D:3      | Reached XP level 6. HP: 23/43 MP: 1/10
  2959 | D:4      | Reached XP level 7. HP: 48/48 MP: 11/11
  2965 | D:4      | Learned a level 3 spell: Inner Flame
  3184 | D:4      | Reached skill level 5 in Ranged Weapons
  3190 | D:4      | Identified the +2 leather armour of Modd {rC+ Dex+3}
  3305 | D:4      | Found a staircase to the Ecumenical Temple.
  3312 | Temple   | Entered the Ecumenical Temple
  3369 | Temple   | Became a worshipper of Dithmenos the Shadowed
  3568 | D:5      | Entered Level 5 of the Dungeon
  3585 | D:5      | Reached skill level 5 in Hexes
  3984 | D:5      | Reached XP level 8. HP: 54/54 MP: 10/13
  3984 | D:5      | Noticed Robin
  3992 | D:5      | Noticed Ijyb
  4096 | D:4      | Learned a level 4 spell: Cause Fear
  4125 | D:5      | Noticed Grinder
  4130 | D:4      | Paralysed by Grinder for 5 turns
  4146 | D:4      | Killed Grinder
  4222 | D:5      | Reached * piety under Dithmenos
  4413 | D:5      | Killed Ijyb
  4543 | D:5      | Reached skill level 1 in Translocations
  4691 | D:5      | Killed Robin
  4943 | D:6      | Found a transporter.
  4943 | D:6      | Found Kineg's Armour Boutique.
  5184 | D:6      | Reached skill level 5 in Stealth
  5184 | D:6      | Reached XP level 9. HP: 59/59 MP: 9/15
  5189 | D:6      | Learned a level 4 spell: Dimensional Bullseye
  5736 | D:6      | Found a transporter.
  7069 | D:8      | Reached ** piety under Dithmenos
  7181 | D:8      | Found a flagged portal.
  7187 | Bailey   | Entered a bailey
  7546 | Bailey   | Reached XP level 10. HP: 73/73 MP: 8/16
  7666 | Bailey   | Reached skill level 5 in Fighting
  7687 | Bailey   | Reached skill level 1 in Armour
  7800 | Bailey   | Reached skill level 5 in Translocations
  7963 | Bailey   | Reached skill level 2 in Armour
  8324 | Bailey   | Reached skill level 10 in Ranged Weapons
  8324 | Bailey   | Reached skill level 8 in Armour
  8324 | Bailey   | Reached XP level 11. HP: 86/86 MP: 17/17
  8488 | D:8      | Found a transporter.
  8503 | D:8      | Noticed Maurice
  8509 | D:8      | Noticed a moth of wrath
  8521 | D:8      | Noticed lunkers's ghost (novice OnGl)
  8534 | D:8      | Found a transporter.
  8637 | D:8      | Reached *** piety under Dithmenos
  8744 | D:8      | Killed Maurice
  8773 | D:8      | Noticed Pikel
  8801 | D:8      | Killed Pikel
  8930 | D:8      | Found a staircase to the Lair.
  9586 | D:9      | Noticed a two-headed ogre
  9598 | D:9      | Killed a two-headed ogre
  9599 | D:9      | Reached skill level 9 in Armour
  9670 | D:9      | Found a runed translucent door.
  9671 | D:9      | Found a runed translucent door.
 10360 | D:10     | Entered Level 10 of the Dungeon
 11168 | D:10     | Noticed a two-headed ogre
 11191 | D:10     | Killed a two-headed ogre
 11293 | D:10     | Noticed a two-headed ogre
 11317 | D:10     | Killed a two-headed ogre
 11318 | D:10     | Reached skill level 10 in Armour
 12072 | Lair:1   | Entered Level 1 of the Lair of Beasts
 12073 | Lair:1   | Upgraded the game from 0.32-a0-128-g77eb882913 to
                  | 0.32-a0-131-g9dbbe29261
 12151 | Lair:1   | Reached skill level 5 in Invocations
 12151 | Lair:1   | Reached XP level 12. HP: 92/92 MP: 16/18
 13219 | Lair:2   | Noticed a four-headed hydra
 13284 | Lair:2   | Noticed Sonja
 13293 | Lair:2   | Killed Sonja
 13294 | Lair:2   | Reached skill level 11 in Armour
 13521 | Lair:2   | Reached **** piety under Dithmenos
 13728 | Lair:2   | Killed a four-headed hydra
 13967 | Lair:2   | Noticed a four-headed hydra
 14102 | Lair:2   | Reached skill level 12 in Armour
 14148 | Lair:2   | Reached skill level 1 in Long Blades
 15517 | Lair:3   | Found a staircase to the Swamp.
 15568 | Lair:3   | Noticed Gastronok
 15605 | Lair:3   | Noticed a five-headed hydra
 15619 | Lair:3   | Killed a five-headed hydra
 15653 | Lair:3   | Reached skill level 13 in Armour
 15924 | Lair:3   | Noticed a six-headed hydra
 15934 | Lair:3   | Killed a six-headed hydra
 15935 | Lair:3   | Gained mutation: You can hop long distances. [Barachi
                  | growth]
 15935 | Lair:3   | Reached XP level 13. HP: 98/98 MP: 7/19
 16079 | Lair:3   | Found a hole to the Spider Nest.
 16788 | Lair:3   | Killed Gastronok
 17327 | Lair:4   | Noticed Josephine
 17337 | Lair:4   | Killed Josephine
 17338 | Lair:4   | Reached skill level 5 in Long Blades
 17514 | Lair:4   | Reached skill level 14 in Armour
 17862 | Lair:4   | Reached XP level 14. HP: 105/105 MP: 20/20
 18056 | Lair:4   | Noticed Kirke
 18634 | Lair:5   | Entered Level 5 of the Lair of Beasts
 19166 | Lair:5   | Reached ***** piety under Dithmenos
 19169 | Lair:5   | Found a staircase to the Slime Pits.
 19169 | Lair:5   | Found a viscous altar of Jiyva.
 19373 | Lair:5   | Reached skill level 15 in Armour
 19465 | Lair:4   | Reached skill level 1 in Summonings
 19696 | Lair:4   | HP: 4/105 [cane toad (9)]
 20330 | Lair:5   | HP: 5/105 [five-headed hydra (5)]
 20330 | Lair:5   | HP: 1/105 [five-headed hydra (4)]
 20331 | Lair:5   | Mangled by a five-headed hydra

Illustrated notes

Levels and vault maps discovered:
D:1:      ncdulo_lavacross, layout_basic, serial_bayou_ford_a
D:2:      layout_basic
D:3:      layout_rooms, minmay_quantized
D:4:      layout_gridville, minmay_temple_entry_gardened_gates, uniq_eustachio
D:5:      layout_basic, serial_curves, eino_curves_04, eino_curves_03,
          hangedman_decor_peaks_small, kennysheep_path_1, nicolae_goblin_pals,
          uniq_ijyb, uniq_grinder
D:6:      layout_gridville, serial_shops, nicolae_shop_drivethru
D:7:      layout_basic, marbit_many_paths, mainiacjoe_ossuary_entry_dusty_tomb
D:8:      layout_loops_cross, lair_entry_dummy, enter_bailey_3,
          gammafunk_ghost_berserking_beasts, amcnicky_mini_rare_corridor_liquid,
          chequers_serial_rivers_small_3, uniq_pikel, uniq_maurice
D:9:      lemuel_insect_pit, layout_loops_cross,
          nicolae_concentric_dashed_squares_mild, serial_park_tiny_1
D:10:     wad_pebble_path, layout_layer_cave, serial_glass, glass_columns_b,
          glass_columns_b
Temple:   mainiacjoe_temple_starburst
Lair:1:   layout_cave_pods, columned_hall_lemuel
Lair:2:   layout_regular_city, forest_entry_grove, lemuel_fruit_tree, uniq_sonja
Lair:3:   layout_gridlike, swamp_mist, spider_nest_entry_web_field,
          serial_bayou_shore_b, uniq_gastronok
Lair:4:   layout_cave_pods, uniq_josephine, uniq_kirke
Lair:5:   minmay_lair_end_frog_pond, layout_gridlike,
          nicolae_slime_entry_slimehenge, serial_bayou, serial_bayou_lagoon_a,
          serial_bayou_crossing, serial_bayou_pond_c, serial_bayou_pond_b,
          minmay_stone_trees_medium, hibernation_bobbens

Skill      XL: |  1  2  3  4  5  6  7  8  9 10 11 12 13 14 |
---------------+-------------------------------------------+-----
Stealth        | 1 2 3 5 |  5.0
Ranged Weapons | 3 4 5 7 8 10 11 12 13 | 13.4
Spellcasting   | 2 3 4 |  4.0
Hexes          | 4 5 6 8 |  8.0
Translocations | 2 4 5 |  5.0
Fighting       | 4 7 8 |  8.0
Armour         | 8 10 13 14 15 | 15.0
Dodging        | 6 7 8 |  8.0
Invocations    | 3 5 7 8 |  8.5
Long Blades    | 4 7 8 |  8.9
Fire Magic     | 4 |  4.4
Summonings     | 3 |  3.2

Action                     |  1- 3 |  4- 6 |  7- 9 | 10-12 | 13-15 || total
---------------------------+-------+-------+-------+-------+-------++-------
  Melee: Sling             |       |       |     2 |       |       ||     2
         Long sword        |       |       |       |       |   259 ||   259
         Punch             |       |       |       |       |    45 ||    45
   Fire: Sling             |   153 |   191 |   234 |       |       ||   578
         Shortbow          |       |       |   227 |   599 |   230 ||  1056
         Longbow           |       |       |       |       |    26 ||    26
  Throw: Dart              |       |     6 |    15 |       |       ||    21
   Cast: Jinxbite          |     1 |    16 |    25 |    22 |    10 ||    74
         Sigil of Binding  |       |     5 |    19 |    44 |    30 ||    98
         Inner Flame       |       |       |    29 |    71 |    47 ||   147
         Dimensional Bulls |       |       |     2 |    10 |     3 ||    15
         Cause Fear        |       |       |       |       |     8 ||     8
Ability: Hop               |     1 |     6 |    10 |    27 |    23 ||    67
    Use: Scroll            |       |     7 |     3 |    10 |     2 ||    22
         Potion            |       |       |     4 |     5 |     6 ||    15
 Armour: Robe              |    39 |    95 |    56 |    13 |       ||   203
         Leather armour    |       |       |   170 |       |       ||   170
         Skin              |       |       |    13 |       |     1 ||    14
         Ring mail         |       |       |       |   273 |    74 ||   347
         Scale mail        |       |       |       |       |   363 ||   363
  Dodge: Dodged            |    53 |    85 |   241 |   329 |   441 ||  1149

Table legend: (Time is in decaauts)
 A = Elapsed time spent in this place.
 B = Non-inter-level travel time spent in this place.
 C = Inter-level travel time spent in this place.
 D = Time resting spent in this place.
 E = Time spent auto-exploring this place.
 F = Levels seen in this place.
 G = Mean time per level.
                   A        B        C        D        E       F      G
               +--------+--------+--------+--------+--------+-----+--------+
         Total |  22978 |  21565 |   1413 |   3476 |  12339 |  17 | 1351.6 |
       Dungeon |  12306 |  11817 |    489 |    993 |   8466 |  10 | 1230.6 |
        Temple |    134 |      3 |    131 |      0 |      0 |   1 |  134.0 |
          Lair |   9256 |   8464 |    792 |   1896 |   3610 |   5 | 1851.2 |
        Bailey |   1280 |   1280 |      0 |    586 |    263 |   1 | 1280.0 |
               +--------+--------+--------+--------+--------+-----+--------+

Top non-repeatable levels by time:
  Lair:4: 2613 daAuts
  Lair:2: 1982 daAuts
    D:10: 1902 daAuts
  Lair:1: 1871 daAuts
  Lair:3: 1822 daAuts
     D:8: 1509 daAuts
     D:5: 1316 daAuts
     D:6: 1298 daAuts
  Bailey: 1280 daAuts
     D:4: 1254 daAuts
     D:2: 1138 daAuts
     D:7: 1044 daAuts
     D:3: 1031 daAuts
     D:9: 988 daAuts
  Lair:5: 966 daAuts
